Workbook
Name Abandon: 'Стратегии'!$D$37
Name AbandonAt: 'Исходные данные'!$D$33
Name Base_A: 'Стратегии'!$D$75
Name Base_B: 'Стратегии'!$D$76
Name Base_C: 'Стратегии'!$D$77
Name BigCap: 'Исходные данные'!$D$19
Name BigCapex: 'Исходные данные'!$D$20
Name BigFixed: 'Исходные данные'!$D$21
Name CapAfter: 'Стратегии'!$D$48
Name CapAfterB: 'Стратегии'!$D$52
Name CashAt: 'Стратегии'!$D$50
Name CashAtB: 'Стратегии'!$D$54
Name Checks: 'Стратегии'!$D$81:$D$82
Name Contrib: 'Исходные данные'!$D$14
Name D0: 'Исходные данные'!$D$11
Name DecCap: 'Стратегии'!$F$43:$F$45
Name DecCash: 'Стратегии'!$H$43:$H$45
Name DecFixed: 'Стратегии'!$G$43:$G$45
Name DecideYear: 'Исходные данные'!$D$31
Name DecInvest: 'Стратегии'!$I$43:$I$45
Name Decision: 'Стратегии'!$D$35
Name DecisionB: 'Стратегии'!$D$39
Name DecNames: 'Стратегии'!$B$43:$B$45
Name DemDec: 'Стратегии'!$D$34
Name DemDecB: 'Стратегии'!$D$38
Name DiscRate: 'Исходные данные'!$D$37
Name Expand: 'Стратегии'!$D$36
Name ExpandAt: 'Исходные данные'!$D$32
Name ExpCapex: 'Исходные данные'!$D$25
Name FixAfter: 'Стратегии'!$D$49
Name FixAfterB: 'Стратегии'!$D$53
Name Growth: 'Исходные данные'!$D$12
Name InvestAfter: 'Стратегии'!$D$51
Name InvestAfterB: 'Стратегии'!$D$55
Name Margin: 'Стратегии'!$D$12
Name Mu: 'Стратегии'!$D$11
Name NPV_A: 'Стратегии'!$D$72
Name NPV_B: 'Стратегии'!$D$73
Name NPV_C: 'Стратегии'!$D$74
Name Salvage: 'Исходные данные'!$D$26
Name SmallCap: 'Исходные данные'!$D$22
Name SmallCapex: 'Исходные данные'!$D$23
Name SmallFixed: 'Исходные данные'!$D$24
Name Vol: 'Исходные данные'!$D$13

Sheet Описание
B2: Реальные опционы: расширить или отказаться | D2: Пример МоделРиск · Корпоративные финансы · CF-08
B3: Строить большой завод сейчас или начать с малого и решить позже? Ценность гибкости при неопределенном спросе.
D4: Далее: Исходные данные ▸
B6: Карточка модели
B7: Отрасль | C7: Корпоративные финансы
B8: Сложность | C8: ★★★★★ Три инвестиционные стратегии на одних и тех же смоделированных траекториях спроса; правило расширения или отказа применяется внутри каждой итерации.
B9: Вопрос бизнеса | C9: Компания выходит на новый рынок. Можно построить большой завод сейчас или малый, который можно расширить через два года, если спрос будет сильным, или продать, если слабым. Бизнес-кейс на ожидаемом спросе выбирает большой завод. Какая стратегия ценнее с учетом неопределенности спроса и сколько стоит гибкость?
B10: Для кого | C10: Службам стратегии и корпоративного развития, инвестиционным комитетам, инициаторам проектов.
B11: Основные результаты | C11: NPV каждой стратегии: бизнес-кейс в сравнении с моделированием, диапазон и вероятность убытка · ценность опционов на расширение и отказ · как часто принимается каждое решение · диапазон спроса.
B12: Приемы МоделРиск | C12: Спрос как геометрическое броуновское движение (VoseTimeGBM) · три стратегии на одних и тех же траекториях спроса (общие случайные числа) · правила решения внутри каждой итерации (реальные опционы) · S-кривые NPV и веерная диаграмма спроса.
B13: Файл | C13: CF-08 Реальные опционы: расширить или отказаться · Версия 1.0 · Ноябрь 2026 · создано в МоделРиск
B15: Вопрос бизнеса
B16: Производитель выходит на новый рынок, где спрос около 100 000 единиц в год и растет примерно на 3% в год, но очень неопределенно. Можно сейчас построить завод на 120 000 единиц за 90 млн долл. или завод на 60 000 единиц за 55 млн долл. Малый завод можно удвоить в начале 3-го года за 40 млн долл., когда два года продаж покажут, силен ли спрос. Если спрос рухнет, завод можно вместо этого продать за 35 млн долл. При ожидаемом спросе у большого завода NPV гораздо выше, и бизнес-кейс рекомендует его. Но мощность большого завода ценна, только если спрос растет, а если нет — затраты на него невозвратны. Модель разыгрывает десять лет спроса и оценивает три стратегии на одних и тех же траекториях, применяя правило решения поэтапной стратегии в каждой итерации.
B18: Как устроена модель
B19: Дальше три листа, слева направо. Каждый передает данные следующему.
B28: 1 Исходные данные | C28: Текущий спрос, его рост и волатильность; маржинальный доход на единицу; мощность, стоимость и постоянные затраты каждого завода; стоимость расширения и цена продажи; уровни спроса, при которых расширять или продавать; ставка дисконтирования.
B29: 2 Стратегии | C29: VoseTimeGBM разыгрывает десять лет спроса. Каждая стратегия продает столько, сколько позволяют спрос и ее мощность. Поэтапная стратегия смотрит на спрос во 2-м году: выше уровня расширения она удваивает мощность с 3-го года, ниже уровня отказа продает завод в конце 2-го года, иначе работает дальше.
B30: 3 Результаты | C30: NPV каждой стратегии при спросе из бизнес-кейса и в моделировании, его диапазон и вероятность убытка; ценность опционов; как часто завод расширяют или продают.
B32: Как пользоваться моделью
B33: Шаг 1 | C33: Введите свой рынок, варианты заводов и затраты на листе «Исходные данные».
B34: Шаг 2 | C34: Нажмите F9 на листе «Стратегии», чтобы увидеть, как три стратегии разыгрываются на одном и том же спросе.
B35: Шаг 3 | C35: Запустите моделирование на ленте МоделРиск (уже заданы 10 000 итераций и фиксированное начальное число генератора).
B36: Шаг 4 | C36: Измените правила решения (уровни расширения и отказа) и запустите моделирование снова, чтобы найти лучшие.
B38: Структура модели
B39: Исходные данные | C39: Рынок, заводы, расширение и продажа, правила решения, ставка дисконтирования.
B40: Стратегии | C40: Спрос и мощность, продажи и денежный поток каждой стратегии по годам; выходы и проверки.
B41: Результаты | C41: Сравнение NPV, ценность гибкости, решения, веерная диаграмма спроса.
B43: Цветовые обозначения
B44: Исходное значение | C44: Допущение, которое можно менять. Исходные данные — только в этих ячейках.
B45: Неопределенная величина | C45: Распределение МоделРиск: новое случайное значение выбирается при каждом пересчете (F9) и в каждой итерации моделирования.
B46: Расчет | C46: Формула. Не перезаписывайте.
B47: Ключевой результат | C47: Отмечен функцией VoseOutput: при моделировании сохраняется его полное распределение.
B48: Результат моделирования | C48: Функция VoseSim…: статистика последнего моделирования, заполняется автоматически.
B50: Единицы и обозначения
B51: Деньги | C51: Миллионы долларов США (млн долл.), в текущих ценах; маржинальный доход в долларах США за единицу.
B52: Спрос | C52: Тысячи единиц в год.
B53: Годы | C53: Год 0 — инвестиции; денежные потоки на конец 1–10-го годов.
B54: Бизнес-кейс | C54: Тот же расчет со спросом, растущим ровно с ожидаемым темпом.
B56: Основные допущения и ограничения
B57: Спрос | C57: Геометрическое броуновское движение: рост устойчив, а диапазон расширяется с каждым годом.
B58: Решения | C58: Принимается один раз, в конце 2-го года, по спросу 2-го года; расширение готово к 3-му году.
B59: Заводы | C59: Без остаточной стоимости после 10-го года; постоянные затраты прекращаются после продажи завода.
B60: Данные | C60: Компания и все цифры придуманы для этого примера.
B62: Функции МоделРиск в модели
B63: VoseTimeGBM | C63: Десять лет спроса: растущий, неопределенный, устойчивый ряд.
B64: VoseOutput | C64: NPV каждой стратегии, решения и спрос каждого года как выходы.
B65: VoseSimMean, VoseSimPercentile, VoseSimProbability | C65: Статистика моделирования для таблиц и графиков на листе «Результаты».
B67: Что почитать
B68: Реальные опционы | C68: Dixit, A. K. & Pindyck, R. S. (1994). Investment under Uncertainty. Princeton University Press.
B69: Гибкость | C69: de Neufville, R. & Scholtes, S. (2011). Flexibility in Engineering Design. MIT Press.
B71: © 2026 ООО «Стратегия Риска» · www.riskstrategy.ru · Учебный пример: цифры придуманы для обучения и не описывают реальную компанию, проект или актив.

Sheet Исходные данные
B2: Реальные опционы: расширить или отказаться | J2: Пример МоделРиск · Корпоративные финансы · CF-08
B3: ИСХОДНЫЕ ДАННЫЕ · Все допущения модели, их неопределенность и обоснование. Меняйте только желтые ячейки.
B4: ◂ Описание | J4: Далее: Стратегии ▸
B6: Как читать этот лист: желтые ячейки — исходные данные.
B8: 1 Рынок
B9: Спрос на продукт и доход с каждой единицы.
B10: Допущение | C10: Ед. изм. | D10: Значение в модели | E10: Неопределенность | J10: Обоснование / источник (условно)
B11: Спрос сегодня | C11: тыс. единиц в год | D11: 100 | E11: Константа | J11: Исследование рынка.
B12: Ожидаемый рост спроса | C12: в год | D12: 0.03 | E12: Константа
B13: Волатильность спроса | C13: в год | D13: 0.3 | E13: Константа | J13: Новый рынок: спрос может удвоиться или упасть вдвое за несколько лет.
B14: Маржинальный доход на единицу | C14: долл. за единицу | D14: 300 | E14: Константа | J14: Цена за вычетом переменных затрат.
B16: 2 Заводы
B17: Два размера завода, расширение и продажа.
B18: Допущение | C18: Ед. изм. | D18: Значение в модели | E18: Неопределенность | J18: Обоснование / источник (условно)
B19: Большой завод: мощность | C19: тыс. единиц в год | D19: 120 | E19: Константа
B20: Большой завод: инвестиции | C20: млн долл. | D20: 90 | E20: Константа
B21: Большой завод: постоянные затраты | C21: млн долл. в год | D21: 10 | E21: Константа
B22: Малый завод: мощность | C22: тыс. единиц в год | D22: 60 | E22: Константа
B23: Малый завод: инвестиции | C23: млн долл. | D23: 55 | E23: Константа
B24: Малый завод: постоянные затраты | C24: млн долл. в год | D24: 5 | E24: Константа
B25: Расширение до мощности большого завода | C25: млн долл. | D25: 40 | E25: Константа | J25: Оплачивается в год после решения; у удвоенного завода постоянные затраты как у большого.
B26: Продажа малого завода | C26: млн долл. | D26: 35 | E26: Константа | J26: Поступает в конце года решения.
B28: 3 Правила решения
B29: Применяются к поэтапной стратегии в конце года решения.
B30: Допущение | C30: Ед. изм. | D30: Значение в модели | E30: Неопределенность | J30: Обоснование / источник (условно)
B31: Решение в конце года | C31: год | D31: 2 | E31: Константа | J31: После двух лет продаж; расширение готово в следующем году.
B32: Расширять, если спрос в год решения не меньше | C32: тыс. единиц | D32: 120 | E32: Константа
B33: Продать завод, если спрос в год решения не больше | C33: тыс. единиц | D33: 40 | E33: Константа
B35: 4 Финансирование
B36: Допущение | C36: Ед. изм. | D36: Значение в модели | E36: Неопределенность | J36: Обоснование / источник (условно)
B37: Ставка дисконтирования | C37: в год | D37: 0.09 | E37: Константа | J37: Стоимость капитала, реальная.

Sheet Стратегии
B2: Реальные опционы: расширить или отказаться | P2: Пример МоделРиск · Корпоративные финансы · CF-08
B3: СТРАТЕГИИ · Десять лет спроса и продажи и денежный поток каждой стратегии при этом спросе (млн долл.).
B4: ◂ Исходные данные | P4: Далее: Результаты ▸
B6: Год | D6: Итого | F6: 0 | G6: =F6+1 -> 1 | H6: =G6+1 -> 2 | I6: =H6+1 -> 3 | J6: =I6+1 -> 4 | K6: =J6+1 -> 5 | L6: =K6+1 -> 6 | M6: =L6+1 -> 7 | N6: =M6+1 -> 8 | ... P6: =O6+1 -> 10
B9: 1 Единичные значения этой итерации
B10: Величина | C10: Ед. изм. | D10: Значение | F10: Как рассчитывается
B11: Снос логарифма спроса | C11: в год | D11: =LN(1+Growth)-0.5*Vol^2 -> -0.015441198 | F11: Поддерживает рост ожидаемого спроса с ожидаемым темпом
B12: Маржинальный доход на тысячу единиц | C12: млн долл. | D12: =Contrib/1000 -> 0.3
B14: 2 Спрос
B15: VoseTimeGBM: десять лет спроса, одинакового для всех трех стратегий.
B16: Спрос | C16: тыс. единиц | F16: =D0 -> 100 | G16: {=_xll.VoseTimeGBM(Mu,Vol,D0)} -> 69.296592 | H16: 59.131439 | I16: 60.059032 | J16: 24.636535 | K16: 15.422303 | L16: 17.397976 | M16: 13.406685 | N16: 18.142781 | O16: 18.054291 | P16: 23.182915
B17: Спрос (выход для веерной диаграммы) | C17: тыс. единиц | G17: {=_xll.VoseOutput("Спрос, год 1","тыс. единиц")+G16} -> 69.296592 | H17: {=_xll.VoseOutput("Спрос, год 2","тыс. единиц")+H16} -> 59.131439 | I17: {=_xll.VoseOutput("Спрос, год 3","тыс. единиц")+I16} -> 60.059032 | J17: {=_xll.VoseOutput("Спрос, год 4","тыс. единиц")+J16} -> 24.636535 | K17: {=_xll.VoseOutput("Спрос, год 5","тыс. единиц")+K16} -> 15.422303 | L17: {=_xll.VoseOutput("Спрос, год 6","тыс. единиц")+L16} -> 17.397976 | M17: {=_xll.VoseOutput("Спрос, год 7","тыс. единиц")+M16} -> 13.406685 | N17: {=_xll.VoseOutput("Спрос, год 8","тыс. единиц")+N16} -> 18.142781 | O17: {=_xll.VoseOutput("Спрос, год 9","тыс. единиц")+O16} -> 18.054291 | P17: {=_xll.VoseOutput("Спрос, год 10","тыс. единиц")+P16} -> 23.182915
B18: Спрос по бизнес-кейсу (растет с ожидаемым темпом) | C18: тыс. единиц | F18: =D0 -> 100 | G18: =D0*(1+Growth)^G$6 -> 103 | H18: =D0*(1+Growth)^H$6 -> 106.09 | I18: =D0*(1+Growth)^I$6 -> 109.2727 | J18: =D0*(1+Growth)^J$6 -> 112.55088 | K18: =D0*(1+Growth)^K$6 -> 115.92741 | L18: =D0*(1+Growth)^L$6 -> 119.40523 | M18: =D0*(1+Growth)^M$6 -> 122.98739 | N18: =D0*(1+Growth)^N$6 -> 126.67701 | ... P18: =D0*(1+Growth)^P$6 -> 134.39164
B19: Коэффициент дисконтирования | F19: =1 -> 1 | G19: =1/(1+DiscRate)^G$6 -> 0.91743119 | H19: =1/(1+DiscRate)^H$6 -> 0.84167999 | I19: =1/(1+DiscRate)^I$6 -> 0.77218348 | J19: =1/(1+DiscRate)^J$6 -> 0.70842521 | K19: =1/(1+DiscRate)^K$6 -> 0.64993139 | L19: =1/(1+DiscRate)^L$6 -> 0.59626733 | M19: =1/(1+DiscRate)^M$6 -> 0.54703424 | N19: =1/(1+DiscRate)^N$6 -> 0.50186628 | ... P19: =1/(1+DiscRate)^P$6 -> 0.42241081
B21: 3 Стратегия A: большой завод сейчас
B22: Мощность | C22: тыс. единиц | G22: =BigCap -> 120 | H22: =BigCap -> 120 | I22: =BigCap -> 120 | J22: =BigCap -> 120 | K22: =BigCap -> 120 | L22: =BigCap -> 120 | M22: =BigCap -> 120 | N22: =BigCap -> 120 | ... P22: =BigCap -> 120
B23: Денежный поток | C23: млн долл. | D23: =SUM(F23:P23) -> -94.380836 | F23: =-BigCapex -> -90 | G23: =Margin*MIN(G16,G22)-BigFixed -> 10.788978 | H23: =Margin*MIN(H16,H22)-BigFixed -> 7.7394316 | I23: =Margin*MIN(I16,I22)-BigFixed -> 8.0177096 | J23: =Margin*MIN(J16,J22)-BigFixed -> -2.6090395 | K23: =Margin*MIN(K16,K22)-BigFixed -> -5.3733091 | L23: =Margin*MIN(L16,L22)-BigFixed -> -4.7806073 | M23: =Margin*MIN(M16,M22)-BigFixed -> -5.9779946 | N23: =Margin*MIN(N16,N22)-BigFixed -> -4.5571657 | ... P23: =Margin*MIN(P16,P22)-BigFixed -> -3.0451254
B24: Денежный поток, бизнес-кейс | C24: млн долл. | D24: =SUM(F24:P24) -> 153.87387 | F24: =-BigCapex -> -90 | G24: =Margin*MIN(G18,BigCap)-BigFixed -> 20.9 | H24: =Margin*MIN(H18,BigCap)-BigFixed -> 21.827 | I24: =Margin*MIN(I18,BigCap)-BigFixed -> 22.78181 | J24: =Margin*MIN(J18,BigCap)-BigFixed -> 23.765264 | K24: =Margin*MIN(K18,BigCap)-BigFixed -> 24.778222 | L24: =Margin*MIN(L18,BigCap)-BigFixed -> 25.821569 | M24: =Margin*MIN(M18,BigCap)-BigFixed -> 26 | N24: =Margin*MIN(N18,BigCap)-BigFixed -> 26 | ... P24: =Margin*MIN(P18,BigCap)-BigFixed -> 26
B26: 4 Стратегия B: малый завод без расширения
B27: Мощность | C27: тыс. единиц | G27: =SmallCap -> 60 | H27: =SmallCap -> 60 | I27: =SmallCap -> 60 | J27: =SmallCap -> 60 | K27: =SmallCap -> 60 | L27: =SmallCap -> 60 | M27: =SmallCap -> 60 | N27: =SmallCap -> 60 | ... P27: =SmallCap -> 60
B28: Денежный поток | C28: млн долл. | D28: =SUM(F28:P28) -> -12.187523 | F28: =-SmallCapex -> -55 | G28: =Margin*MIN(G16,G27)-SmallFixed -> 13 | H28: =Margin*MIN(H16,H27)-SmallFixed -> 12.739432 | I28: =Margin*MIN(I16,I27)-SmallFixed -> 13 | J28: =Margin*MIN(J16,J27)-SmallFixed -> 2.3909605 | K28: =Margin*MIN(K16,K27)-SmallFixed -> -0.37330915 | L28: =Margin*MIN(L16,L27)-SmallFixed -> 0.21939271 | M28: =Margin*MIN(M16,M27)-SmallFixed -> -0.97799457 | N28: =Margin*MIN(N16,N27)-SmallFixed -> 0.44283428 | ... P28: =Margin*MIN(P16,P27)-SmallFixed -> 1.9548746
B29: Денежный поток, бизнес-кейс | C29: млн долл. | D29: =SUM(F29:P29) -> 75 | F29: =-SmallCapex -> -55 | G29: =Margin*MIN(G18,SmallCap)-SmallFixed -> 13 | H29: =Margin*MIN(H18,SmallCap)-SmallFixed -> 13 | I29: =Margin*MIN(I18,SmallCap)-SmallFixed -> 13 | J29: =Margin*MIN(J18,SmallCap)-SmallFixed -> 13 | K29: =Margin*MIN(K18,SmallCap)-SmallFixed -> 13 | L29: =Margin*MIN(L18,SmallCap)-SmallFixed -> 13 | M29: =Margin*MIN(M18,SmallCap)-SmallFixed -> 13 | N29: =Margin*MIN(N18,SmallCap)-SmallFixed -> 13 | ... P29: =Margin*MIN(P18,SmallCap)-SmallFixed -> 13
B31: 5 Стратегия C: малый завод, решение позже
B32: В конце года решения: расширять, если спрос не ниже уровня расширения, продавать, если не выше уровня отказа, иначе работать дальше.
B33: Величина | C33: Ед. изм. | D33: Значение | F33: Как рассчитывается
B34: Спрос в год решения | C34: тыс. единиц | D34: {=INDEX(F16:P16,DecideYear+1)} -> 59.131439 | F34: Строка спроса в год решения
B35: Решение | D35: =IF(DemDec>=ExpandAt,"Расширить",IF(DemDec<=AbandonAt,"Продать","Работать дальше")) -> Работать дальше | F35: Правило с листа «Исходные данные»
B36: Расширить? (1 — да) | C36: 1 / 0 | D36: {=_xll.VoseOutput("Расширен","1 = да")+IF(Decision="Расширить",1,0)} -> 0
B37: Продать завод? (1 — да) | C37: 1 / 0 | D37: {=_xll.VoseOutput("Завод продан","1 = да")+IF(Decision="Продать",1,0)} -> 0
B38: Бизнес-кейс: спрос в год решения | C38: тыс. единиц | D38: {=INDEX(F18:P18,DecideYear+1)} -> 106.09 | F38: Строка спроса по бизнес-кейсу
B39: Бизнес-кейс: решение | D39: =IF(DemDecB>=ExpandAt,"Расширить",IF(DemDecB<=AbandonAt,"Продать","Работать дальше")) -> Работать дальше | F39: То же правило. В исходной версии оно не срабатывает: спрос 106 лежит между двумя уровнями
B41: Что означает каждое решение | F41: Мощность | G41: Постоянные затраты | H41: Денежные средства | I41: Инвестиции
F42: после | G42: после | H42: в год решения | I42: в следующем году
B43: Работать дальше | F43: =SmallCap -> 60 | G43: =SmallFixed -> 5 | H43: 0 | I43: 0
B44: Расширить | F44: =BigCap -> 120 | G44: =BigFixed -> 10 | H44: 0 | I44: =ExpCapex -> 40
B45: Продать | F45: 0 | G45: 0 | H45: =Salvage -> 35 | I45: 0
B47: Величина | C47: Ед. изм. | D47: Значение | F47: Как рассчитывается
B48: Эта итерация: мощность после решения | C48: тыс. единиц | D48: =INDEX(DecCap,MATCH(Decision,DecNames,0)) -> 60 | F48: Из таблицы, по решению
B49: Эта итерация: постоянные затраты после решения | C49: млн долл. | D49: =INDEX(DecFixed,MATCH(Decision,DecNames,0)) -> 5
B50: Эта итерация: деньги в год решения | C50: млн долл. | D50: =INDEX(DecCash,MATCH(Decision,DecNames,0)) -> 0
B51: Эта итерация: инвестиции в следующем году | C51: млн долл. | D51: =INDEX(DecInvest,MATCH(Decision,DecNames,0)) -> 0
B52: Бизнес-кейс: мощность после решения | C52: тыс. единиц | D52: =INDEX(DecCap,MATCH(DecisionB,DecNames,0)) -> 60 | F52: Из таблицы, по решению
B53: Бизнес-кейс: постоянные затраты после решения | C53: млн долл. | D53: =INDEX(DecFixed,MATCH(DecisionB,DecNames,0)) -> 5
B54: Бизнес-кейс: деньги в год решения | C54: млн долл. | D54: =INDEX(DecCash,MATCH(DecisionB,DecNames,0)) -> 0
B55: Бизнес-кейс: инвестиции в следующем году | C55: млн долл. | D55: =INDEX(DecInvest,MATCH(DecisionB,DecNames,0)) -> 0
B57: Мощность | C57: тыс. единиц | G57: =IF(G$6<=DecideYear,SmallCap,CapAfter) -> 60 | H57: =IF(H$6<=DecideYear,SmallCap,CapAfter) -> 60 | I57: =IF(I$6<=DecideYear,SmallCap,CapAfter) -> 60 | J57: =IF(J$6<=DecideYear,SmallCap,CapAfter) -> 60 | K57: =IF(K$6<=DecideYear,SmallCap,CapAfter) -> 60 | L57: =IF(L$6<=DecideYear,SmallCap,CapAfter) -> 60 | M57: =IF(M$6<=DecideYear,SmallCap,CapAfter) -> 60 | N57: =IF(N$6<=DecideYear,SmallCap,CapAfter) -> 60 | ... P57: =IF(P$6<=DecideYear,SmallCap,CapAfter) -> 60
B58: Постоянные затраты | C58: млн долл. | G58: =IF(G$6<=DecideYear,SmallFixed,FixAfter) -> 5 | H58: =IF(H$6<=DecideYear,SmallFixed,FixAfter) -> 5 | I58: =IF(I$6<=DecideYear,SmallFixed,FixAfter) -> 5 | J58: =IF(J$6<=DecideYear,SmallFixed,FixAfter) -> 5 | K58: =IF(K$6<=DecideYear,SmallFixed,FixAfter) -> 5 | L58: =IF(L$6<=DecideYear,SmallFixed,FixAfter) -> 5 | M58: =IF(M$6<=DecideYear,SmallFixed,FixAfter) -> 5 | N58: =IF(N$6<=DecideYear,SmallFixed,FixAfter) -> 5 | ... P58: =IF(P$6<=DecideYear,SmallFixed,FixAfter) -> 5
B59: Продажа завода | C59: млн долл. | G59: =IF(G$6=DecideYear,CashAt,0) -> 0 | H59: =IF(H$6=DecideYear,CashAt,0) -> 0 | I59: =IF(I$6=DecideYear,CashAt,0) -> 0 | J59: =IF(J$6=DecideYear,CashAt,0) -> 0 | K59: =IF(K$6=DecideYear,CashAt,0) -> 0 | L59: =IF(L$6=DecideYear,CashAt,0) -> 0 | M59: =IF(M$6=DecideYear,CashAt,0) -> 0 | N59: =IF(N$6=DecideYear,CashAt,0) -> 0 | ... P59: =IF(P$6=DecideYear,CashAt,0) -> 0
B60: Расширение | C60: млн долл. | G60: =IF(G$6=DecideYear+1,-InvestAfter,0) -> 0 | H60: =IF(H$6=DecideYear+1,-InvestAfter,0) -> 0 | I60: =IF(I$6=DecideYear+1,-InvestAfter,0) -> 0 | J60: =IF(J$6=DecideYear+1,-InvestAfter,0) -> 0 | K60: =IF(K$6=DecideYear+1,-InvestAfter,0) -> 0 | L60: =IF(L$6=DecideYear+1,-InvestAfter,0) -> 0 | M60: =IF(M$6=DecideYear+1,-InvestAfter,0) -> 0 | N60: =IF(N$6=DecideYear+1,-InvestAfter,0) -> 0 | ... P60: =IF(P$6=DecideYear+1,-InvestAfter,0) -> 0
B61: Денежный поток | C61: млн долл. | D61: =SUM(F61:P61) -> -12.187523 | F61: =-SmallCapex -> -55 | G61: =Margin*MIN(G16,G57)-G58+G59+G60 -> 13 | H61: =Margin*MIN(H16,H57)-H58+H59+H60 -> 12.739432 | I61: =Margin*MIN(I16,I57)-I58+I59+I60 -> 13 | J61: =Margin*MIN(J16,J57)-J58+J59+J60 -> 2.3909605 | K61: =Margin*MIN(K16,K57)-K58+K59+K60 -> -0.37330915 | L61: =Margin*MIN(L16,L57)-L58+L59+L60 -> 0.21939271 | M61: =Margin*MIN(M16,M57)-M58+M59+M60 -> -0.97799457 | N61: =Margin*MIN(N16,N57)-N58+N59+N60 -> 0.44283428 | ... P61: =Margin*MIN(P16,P57)-P58+P59+P60 -> 1.9548746
B63: Бизнес-кейс: мощность | C63: тыс. единиц | G63: =IF(G$6<=DecideYear,SmallCap,CapAfterB) -> 60 | H63: =IF(H$6<=DecideYear,SmallCap,CapAfterB) -> 60 | I63: =IF(I$6<=DecideYear,SmallCap,CapAfterB) -> 60 | J63: =IF(J$6<=DecideYear,SmallCap,CapAfterB) -> 60 | K63: =IF(K$6<=DecideYear,SmallCap,CapAfterB) -> 60 | L63: =IF(L$6<=DecideYear,SmallCap,CapAfterB) -> 60 | M63: =IF(M$6<=DecideYear,SmallCap,CapAfterB) -> 60 | N63: =IF(N$6<=DecideYear,SmallCap,CapAfterB) -> 60 | ... P63: =IF(P$6<=DecideYear,SmallCap,CapAfterB) -> 60
B64: Бизнес-кейс: постоянные затраты | C64: млн долл. | G64: =IF(G$6<=DecideYear,SmallFixed,FixAfterB) -> 5 | H64: =IF(H$6<=DecideYear,SmallFixed,FixAfterB) -> 5 | I64: =IF(I$6<=DecideYear,SmallFixed,FixAfterB) -> 5 | J64: =IF(J$6<=DecideYear,SmallFixed,FixAfterB) -> 5 | K64: =IF(K$6<=DecideYear,SmallFixed,FixAfterB) -> 5 | L64: =IF(L$6<=DecideYear,SmallFixed,FixAfterB) -> 5 | M64: =IF(M$6<=DecideYear,SmallFixed,FixAfterB) -> 5 | N64: =IF(N$6<=DecideYear,SmallFixed,FixAfterB) -> 5 | ... P64: =IF(P$6<=DecideYear,SmallFixed,FixAfterB) -> 5
B65: Бизнес-кейс: продажа завода | C65: млн долл. | G65: =IF(G$6=DecideYear,CashAtB,0) -> 0 | H65: =IF(H$6=DecideYear,CashAtB,0) -> 0 | I65: =IF(I$6=DecideYear,CashAtB,0) -> 0 | J65: =IF(J$6=DecideYear,CashAtB,0) -> 0 | K65: =IF(K$6=DecideYear,CashAtB,0) -> 0 | L65: =IF(L$6=DecideYear,CashAtB,0) -> 0 | M65: =IF(M$6=DecideYear,CashAtB,0) -> 0 | N65: =IF(N$6=DecideYear,CashAtB,0) -> 0 | ... P65: =IF(P$6=DecideYear,CashAtB,0) -> 0
B66: Бизнес-кейс: расширение | C66: млн долл. | G66: =IF(G$6=DecideYear+1,-InvestAfterB,0) -> 0 | H66: =IF(H$6=DecideYear+1,-InvestAfterB,0) -> 0 | I66: =IF(I$6=DecideYear+1,-InvestAfterB,0) -> 0 | J66: =IF(J$6=DecideYear+1,-InvestAfterB,0) -> 0 | K66: =IF(K$6=DecideYear+1,-InvestAfterB,0) -> 0 | L66: =IF(L$6=DecideYear+1,-InvestAfterB,0) -> 0 | M66: =IF(M$6=DecideYear+1,-InvestAfterB,0) -> 0 | N66: =IF(N$6=DecideYear+1,-InvestAfterB,0) -> 0 | ... P66: =IF(P$6=DecideYear+1,-InvestAfterB,0) -> 0
B67: Бизнес-кейс: денежный поток | C67: млн долл. | D67: =SUM(F67:P67) -> 75 | F67: =-SmallCapex -> -55 | G67: =Margin*MIN(G18,G63)-G64+G65+G66 -> 13 | H67: =Margin*MIN(H18,H63)-H64+H65+H66 -> 13 | I67: =Margin*MIN(I18,I63)-I64+I65+I66 -> 13 | J67: =Margin*MIN(J18,J63)-J64+J65+J66 -> 13 | K67: =Margin*MIN(K18,K63)-K64+K65+K66 -> 13 | L67: =Margin*MIN(L18,L63)-L64+L65+L66 -> 13 | M67: =Margin*MIN(M18,M63)-M64+M65+M66 -> 13 | N67: =Margin*MIN(N18,N63)-N64+N65+N66 -> 13 | ... P67: =Margin*MIN(P18,P63)-P64+P65+P66 -> 13
B69: 6 Значение в этой итерации
B70: Ключевые результаты, которые МоделРиск записывает в каждой итерации (VoseOutput). Их статистика — на листе «Результаты».
B71: Результат | C71: Ед. изм. | D71: Значение | F71: Смысл
B72: NPV: большой завод сейчас | C72: млн долл. | D72: {=_xll.VoseOutput("NPV большой завод сейчас","млн долл.")+SUMPRODUCT(F23:P23,F19:P19)} -> -84.541717
B73: NPV: малый завод без расширения | C73: млн долл. | D73: {=_xll.VoseOutput("NPV малый завод","млн долл.")+SUMPRODUCT(F28:P28,F19:P19)} -> -20.025799
B74: NPV: малый завод, решение позже | C74: млн долл. | D74: {=_xll.VoseOutput("NPV поэтапно с опционами","млн долл.")+SUMPRODUCT(F61:P61,F19:P19)} -> -20.025799
B75: NPV бизнес-кейса: большой завод сейчас | C75: млн долл. | D75: =SUMPRODUCT(F24:P24,F19:P19) -> 63.69923 | F75: Спрос растет ровно с ожидаемым темпом.
B76: NPV бизнес-кейса: малый завод | C76: млн долл. | D76: =SUMPRODUCT(F29:P29,F19:P19) -> 28.42955
B77: NPV бизнес-кейса: малый завод, решение позже | C77: млн долл. | D77: =SUMPRODUCT(F67:P67,F19:P19) -> 28.42955 | F77: Правило решения, примененное к спросу по бизнес-кейсу.
B79: 7 Проверки модели
B80: Везде должно быть «ОК». «ПРОВЕРИТЬ» означает, что исходное значение вышло за пределы, на которые рассчитана модель.
B81: Уровень расширения выше уровня отказа | D81: =IF(ExpandAt>AbandonAt,"ОК","ПРОВЕРИТЬ") -> ОК
B82: Большой завод больше малого | D82: =IF(BigCap>SmallCap,"ОК","ПРОВЕРИТЬ") -> ОК

Sheet Результаты
B2: Реальные опционы: расширить или отказаться | R2: Пример МоделРиск · Корпоративные финансы · CF-08
B3: РЕЗУЛЬТАТЫ · Заполняются автоматически по последнему моделированию. После изменения исходных данных запустите моделирование снова.
B4: ◂ Стратегии
B6: {=IF(ISNUMBER(_xll.VoseSimMean(NPV_C)),"✔ Показаны результаты последнего моделирования в этом сеансе Excel. После изменения исходных данных запустите моделирование снова.","▶ Результатов моделирования пока нет. Запустите моделирование на ленте МоделРиск — лист заполнится автоматически.")} -> ✔ Показаны результаты последнего моделирования в этом сеансе Excel. После изменения исходных данных запустите моделирование снова.
B7: =IF(COUNTIF(Checks,"ПРОВЕРИТЬ")=0,"✔ Все проверки модели пройдены («ОК»).","✗ "&COUNTIF(Checks,"ПРОВЕРИТЬ")&" проверок не пройдено («ПРОВЕРИТЬ»): см. раздел «Проверки модели» в конце расчетного листа.") -> ✔ Все проверки модели пройдены («ОК»).
B9: 1 Какая стратегия? | I9: NPV каждой стратегии — накопленная вероятность
B10: NPV (млн долл.) при спросе из бизнес-кейса и по смоделированным сценариям.
B11: Стратегия | C11: Бизнес | D11: Среднее | E11: 10-й проц. | F11: 90-й проц. | G11: Вероятность
C12: кейс | D12: по моделированию | G12: убытка
B13: Строить большой сейчас | C13: =Base_A -> 63.69923 | D13: {=_xll.VoseSimMean(NPV_A)} -> 16.094901 | E13: {=_xll.VoseSimPercentile(NPV_A,0.1)} -> -54.990254 | F13: {=_xll.VoseSimPercentile(NPV_A,0.9)} -> 74.340796 | G13: {=_xll.VoseSimProbability(NPV_A,0)} -> 0.36366363
B14: Строить малый и не расширять | C14: =Base_B -> 28.42955 | D14: {=_xll.VoseSimMean(NPV_B)} -> 20.352449 | E14: {=_xll.VoseSimPercentile(NPV_B,0.1)} -> 0.24090363 | F14: {=_xll.VoseSimPercentile(NPV_B,0.9)} -> 28.42955 | G14: {=_xll.VoseSimProbability(NPV_B,0)} -> 0.098590141
B15: Строить малый, решить позже | C15: =Base_C -> 28.42955 | D15: {=_xll.VoseSimMean(NPV_C)} -> 24.47182 | E15: {=_xll.VoseSimPercentile(NPV_C,0.1)} -> -5.8270024 | F15: {=_xll.VoseSimPercentile(NPV_C,0.9)} -> 58.103316 | G15: {=_xll.VoseSimProbability(NPV_C,0)} -> 0.13288671
B17: 2 Ценность гибкости
B18: Что добавляют опционы на расширение и продажу и как часто ими пользуются.
B19: Показатель | C19: Ед. изм. | D19: Значение
B20: Среднее NPV, малый завод и решение позже | C20: млн долл. | D20: {=_xll.VoseSimMean(NPV_C)} -> 24.47182
B21: Среднее NPV, малый завод без расширения | C21: млн долл. | D21: {=_xll.VoseSimMean(NPV_B)} -> 20.352449
B22: Среднее NPV, большой завод сейчас | C22: млн долл. | D22: {=_xll.VoseSimMean(NPV_A)} -> 16.094901
B23: Ценность опционов (решить позже − не расширять) | C23: млн долл. | D23: =IFERROR(D20-D21,"–") -> 4.1193715
B24: Ценность ожидания (решить позже − большой сейчас) | C24: млн долл. | D24: =IFERROR(D20-D22,"–") -> 8.3769199
B25: Вероятность, что завод расширят | C25: вероятность | D25: {=_xll.VoseSimMean(Expand)} -> 0.3161
B26: Вероятность, что завод продадут | C26: вероятность | D26: {=_xll.VoseSimMean(Abandon)} -> 0.0175
I28: Спрос по годам — от 10-го до 90-го процентиля
B44: 3 Как читать результаты
B45: • В бизнес-кейсе спрос растет равномерно и большой завод загружается: его NPV далеко впереди. Но спрос неопределенен, и дополнительная мощность большого завода окупается, только если спрос растет. В среднем по возможным сценариям его NPV гораздо ниже, а вероятность потерять деньги высока.
B46: • Малый старт оставляет решение открытым. Если через два года спрос силен, компания расширяется; если рухнул — продает завод. Опционы превращают часть потерь в выигрыш: у поэтапной стратегии самое высокое среднее NPV.
B47: • Ценность ожидания не бесплатна: расширение позже в сумме стоит дороже, чем сразу построить большой завод, а два года сильного спроса теряются из-за малой мощности. Моделирование взвешивает эти затраты против защиты.
B48: • Правила решения важны. Расширение при слишком низком спросе или слишком легкая продажа уничтожают ценность опционов: попробуйте другие уровни на листе «Исходные данные» и запустите моделирование снова. Веерная диаграмма показывает оба уровня на фоне разброса спроса.
B49: • В бизнес-кейсе спрос во 2-м году — около 106 тыс. единиц: между двумя уровнями, поэтому завод работает дальше и ни один опцион не используется. Опционы существуют только потому, что спрос неопределенен, поэтому бизнес-кейс и не видит их ценности.
B52: Данные для графиков
B53: Статистика последнего моделирования для графиков и рейтинга выше. Строки сгруппированы: нажмите «+» на левом поле, чтобы их показать.
B54: Накопленная вероятность | C54: Вероятность превышения | D54: NPV_A | E54: NPV_B | F54: NPV_C
B55: 0.01 | C55: =1-B55 -> 0.99 | D55: {=IF(ISNUMBER(_xll.VoseSimPercentile(NPV_A,$B55)),_xll.VoseSimPercentile(NPV_A,$B55),NA())} -> -92.088817 | E55: {=IF(ISNUMBER(_xll.VoseSimPercentile(NPV_B,$B55)),_xll.VoseSimPercentile(NPV_B,$B55),NA())} -> -27.354595 | F55: {=IF(ISNUMBER(_xll.VoseSimPercentile(NPV_C,$B55)),_xll.VoseSimPercentile(NPV_C,$B55),NA())} -> -32.292911
B56: 0.03 | C56: =1-B56 -> 0.97 | D56: {=IF(ISNUMBER(_xll.VoseSimPercentile(NPV_A,$B56)),_xll.VoseSimPercentile(NPV_A,$B56),NA())} -> -78.669987 | E56: {=IF(ISNUMBER(_xll.VoseSimPercentile(NPV_B,$B56)),_xll.VoseSimPercentile(NPV_B,$B56),NA())} -> -17.653428 | F56: {=IF(ISNUMBER(_xll.VoseSimPercentile(NPV_C,$B56)),_xll.VoseSimPercentile(NPV_C,$B56),NA())} -> -20.573676
B57: 0.05 | C57: =1-B57 -> 0.95 | D57: {=IF(ISNUMBER(_xll.VoseSimPercentile(NPV_A,$B57)),_xll.VoseSimPercentile(NPV_A,$B57),NA())} -> -70.451592 | E57: {=IF(ISNUMBER(_xll.VoseSimPercentile(NPV_B,$B57)),_xll.VoseSimPercentile(NPV_B,$B57),NA())} -> -10.849072 | F57: {=IF(ISNUMBER(_xll.VoseSimPercentile(NPV_C,$B57)),_xll.VoseSimPercentile(NPV_C,$B57),NA())} -> -14.731309
B58: 0.07 | C58: =1-B58 -> 0.93 | D58: {=IF(ISNUMBER(_xll.VoseSimPercentile(NPV_A,$B58)),_xll.VoseSimPercentile(NPV_A,$B58),NA())} -> -63.462755 | E58: {=IF(ISNUMBER(_xll.VoseSimPercentile(NPV_B,$B58)),_xll.VoseSimPercentile(NPV_B,$B58),NA())} -> -5.4033631 | F58: {=IF(ISNUMBER(_xll.VoseSimPercentile(NPV_C,$B58)),_xll.VoseSimPercentile(NPV_C,$B58),NA())} -> -10.714373
B59: 0.09 | C59: =1-B59 -> 0.91 | D59: {=IF(ISNUMBER(_xll.VoseSimPercentile(NPV_A,$B59)),_xll.VoseSimPercentile(NPV_A,$B59),NA())} -> -58.121347 | E59: {=IF(ISNUMBER(_xll.VoseSimPercentile(NPV_B,$B59)),_xll.VoseSimPercentile(NPV_B,$B59),NA())} -> -1.7582609 | F59: {=IF(ISNUMBER(_xll.VoseSimPercentile(NPV_C,$B59)),_xll.VoseSimPercentile(NPV_C,$B59),NA())} -> -7.8797283
B60: 0.11 | C60: =1-B60 -> 0.89 | D60: {=IF(ISNUMBER(_xll.VoseSimPercentile(NPV_A,$B60)),_xll.VoseSimPercentile(NPV_A,$B60),NA())} -> -52.785235 | E60: {=IF(ISNUMBER(_xll.VoseSimPercentile(NPV_B,$B60)),_xll.VoseSimPercentile(NPV_B,$B60),NA())} -> 1.7190852 | F60: {=IF(ISNUMBER(_xll.VoseSimPercentile(NPV_C,$B60)),_xll.VoseSimPercentile(NPV_C,$B60),NA())} -> -4.0381302
B61: 0.13 | C61: =1-B61 -> 0.87 | D61: {=IF(ISNUMBER(_xll.VoseSimPercentile(NPV_A,$B61)),_xll.VoseSimPercentile(NPV_A,$B61),NA())} -> -47.903773 | E61: {=IF(ISNUMBER(_xll.VoseSimPercentile(NPV_B,$B61)),_xll.VoseSimPercentile(NPV_B,$B61),NA())} -> 4.9485468 | F61: {=IF(ISNUMBER(_xll.VoseSimPercentile(NPV_C,$B61)),_xll.VoseSimPercentile(NPV_C,$B61),NA())} -> -0.60923068
B62: 0.15 | C62: =1-B62 -> 0.85 | D62: {=IF(ISNUMBER(_xll.VoseSimPercentile(NPV_A,$B62)),_xll.VoseSimPercentile(NPV_A,$B62),NA())} -> -43.439415 | E62: {=IF(ISNUMBER(_xll.VoseSimPercentile(NPV_B,$B62)),_xll.VoseSimPercentile(NPV_B,$B62),NA())} -> 7.3952613 | F62: {=IF(ISNUMBER(_xll.VoseSimPercentile(NPV_C,$B62)),_xll.VoseSimPercentile(NPV_C,$B62),NA())} -> 2.3775215
B63: 0.17 | C63: =1-B63 -> 0.83 | D63: {=IF(ISNUMBER(_xll.VoseSimPercentile(NPV_A,$B63)),_xll.VoseSimPercentile(NPV_A,$B63),NA())} -> -39.181189 | E63: {=IF(ISNUMBER(_xll.VoseSimPercentile(NPV_B,$B63)),_xll.VoseSimPercentile(NPV_B,$B63),NA())} -> 9.6989158 | F63: {=IF(ISNUMBER(_xll.VoseSimPercentile(NPV_C,$B63)),_xll.VoseSimPercentile(NPV_C,$B63),NA())} -> 5.4065219
B64: 0.19 | C64: =1-B64 -> 0.81 | D64: {=IF(ISNUMBER(_xll.VoseSimPercentile(NPV_A,$B64)),_xll.VoseSimPercentile(NPV_A,$B64),NA())} -> -35.002229 | E64: {=IF(ISNUMBER(_xll.VoseSimPercentile(NPV_B,$B64)),_xll.VoseSimPercentile(NPV_B,$B64),NA())} -> 12.056816 | F64: {=IF(ISNUMBER(_xll.VoseSimPercentile(NPV_C,$B64)),_xll.VoseSimPercentile(NPV_C,$B64),NA())} -> 7.6365789
B65: 0.21 | C65: =1-B65 -> 0.79 | D65: {=IF(ISNUMBER(_xll.VoseSimPercentile(NPV_A,$B65)),_xll.VoseSimPercentile(NPV_A,$B65),NA())} -> -30.741724 | E65: {=IF(ISNUMBER(_xll.VoseSimPercentile(NPV_B,$B65)),_xll.VoseSimPercentile(NPV_B,$B65),NA())} -> 14.045232 | F65: {=IF(ISNUMBER(_xll.VoseSimPercentile(NPV_C,$B65)),_xll.VoseSimPercentile(NPV_C,$B65),NA())} -> 9.7720421
B66: 0.23 | C66: =1-B66 -> 0.77 | D66: {=IF(ISNUMBER(_xll.VoseSimPercentile(NPV_A,$B66)),_xll.VoseSimPercentile(NPV_A,$B66),NA())} -> -26.892037 | E66: {=IF(ISNUMBER(_xll.VoseSimPercentile(NPV_B,$B66)),_xll.VoseSimPercentile(NPV_B,$B66),NA())} -> 15.661691 | F66: {=IF(ISNUMBER(_xll.VoseSimPercentile(NPV_C,$B66)),_xll.VoseSimPercentile(NPV_C,$B66),NA())} -> 12.103512
... B104: 0.99 | C104: =1-B104 -> 0.01 | D104: {=IF(ISNUMBER(_xll.VoseSimPercentile(NPV_A,$B104)),_xll.VoseSimPercentile(NPV_A,$B104),NA())} -> 76.8591 | E104: {=IF(ISNUMBER(_xll.VoseSimPercentile(NPV_B,$B104)),_xll.VoseSimPercentile(NPV_B,$B104),NA())} -> 28.42955 | F104: {=IF(ISNUMBER(_xll.VoseSimPercentile(NPV_C,$B104)),_xll.VoseSimPercentile(NPV_C,$B104),NA())} -> 58.103316
B106: Период | C106: 10-й процентиль | D106: Медиана | E106: 90-й процентиль | F106: Среднее | G106: Расширять от | H106: Продавать до
B107: ='Стратегии'!G6 -> 1 | C107: {=IF(ISNUMBER(_xll.VoseSimPercentile('Стратегии'!G17,0.1)),_xll.VoseSimPercentile('Стратегии'!G17,0.1),NA())} -> 67.062442 | D107: {=IF(ISNUMBER(_xll.VoseSimPercentile('Стратегии'!G17,0.5)),_xll.VoseSimPercentile('Стратегии'!G17,0.5),NA())} -> 98.081886 | E107: {=IF(ISNUMBER(_xll.VoseSimPercentile('Стратегии'!G17,0.9)),_xll.VoseSimPercentile('Стратегии'!G17,0.9),NA())} -> 144.64945 | F107: {=IF(ISNUMBER(_xll.VoseSimMean('Стратегии'!G17)),_xll.VoseSimMean('Стратегии'!G17),NA())} -> 102.91301 | G107: =ExpandAt -> 120 | H107: =AbandonAt -> 40
B108: ='Стратегии'!H6 -> 2 | C108: {=IF(ISNUMBER(_xll.VoseSimPercentile('Стратегии'!H17,0.1)),_xll.VoseSimPercentile('Стратегии'!H17,0.1),NA())} -> 56.686718 | D108: {=IF(ISNUMBER(_xll.VoseSimPercentile('Стратегии'!H17,0.5)),_xll.VoseSimPercentile('Стратегии'!H17,0.5),NA())} -> 96.917779 | E108: {=IF(ISNUMBER(_xll.VoseSimPercentile('Стратегии'!H17,0.9)),_xll.VoseSimPercentile('Стратегии'!H17,0.9),NA())} -> 167.97403 | F108: {=IF(ISNUMBER(_xll.VoseSimMean('Стратегии'!H17)),_xll.VoseSimMean('Стратегии'!H17),NA())} -> 106.70854 | G108: =ExpandAt -> 120 | H108: =AbandonAt -> 40
B109: ='Стратегии'!I6 -> 3 | C109: {=IF(ISNUMBER(_xll.VoseSimPercentile('Стратегии'!I17,0.1)),_xll.VoseSimPercentile('Стратегии'!I17,0.1),NA())} -> 49.133619 | D109: {=IF(ISNUMBER(_xll.VoseSimPercentile('Стратегии'!I17,0.5)),_xll.VoseSimPercentile('Стратегии'!I17,0.5),NA())} -> 95.558978 | E109: {=IF(ISNUMBER(_xll.VoseSimPercentile('Стратегии'!I17,0.9)),_xll.VoseSimPercentile('Стратегии'!I17,0.9),NA())} -> 188.47665 | F109: {=IF(ISNUMBER(_xll.VoseSimMean('Стратегии'!I17)),_xll.VoseSimMean('Стратегии'!I17),NA())} -> 110.3282 | G109: =ExpandAt -> 120 | H109: =AbandonAt -> 40
B110: ='Стратегии'!J6 -> 4 | C110: {=IF(ISNUMBER(_xll.VoseSimPercentile('Стратегии'!J17,0.1)),_xll.VoseSimPercentile('Стратегии'!J17,0.1),NA())} -> 43.625187 | D110: {=IF(ISNUMBER(_xll.VoseSimPercentile('Стратегии'!J17,0.5)),_xll.VoseSimPercentile('Стратегии'!J17,0.5),NA())} -> 94.621344 | E110: {=IF(ISNUMBER(_xll.VoseSimPercentile('Стратегии'!J17,0.9)),_xll.VoseSimPercentile('Стратегии'!J17,0.9),NA())} -> 204.05344 | F110: {=IF(ISNUMBER(_xll.VoseSimMean('Стратегии'!J17)),_xll.VoseSimMean('Стратегии'!J17),NA())} -> 113.06481 | G110: =ExpandAt -> 120 | H110: =AbandonAt -> 40
B111: ='Стратегии'!K6 -> 5 | C111: {=IF(ISNUMBER(_xll.VoseSimPercentile('Стратегии'!K17,0.1)),_xll.VoseSimPercentile('Стратегии'!K17,0.1),NA())} -> 38.882205 | D111: {=IF(ISNUMBER(_xll.VoseSimPercentile('Стратегии'!K17,0.5)),_xll.VoseSimPercentile('Стратегии'!K17,0.5),NA())} -> 93.677591 | E111: {=IF(ISNUMBER(_xll.VoseSimPercentile('Стратегии'!K17,0.9)),_xll.VoseSimPercentile('Стратегии'!K17,0.9),NA())} -> 219.09045 | F111: {=IF(ISNUMBER(_xll.VoseSimMean('Стратегии'!K17)),_xll.VoseSimMean('Стратегии'!K17),NA())} -> 116.9532 | G111: =ExpandAt -> 120 | H111: =AbandonAt -> 40
B112: ='Стратегии'!L6 -> 6 | C112: {=IF(ISNUMBER(_xll.VoseSimPercentile('Стратегии'!L17,0.1)),_xll.VoseSimPercentile('Стратегии'!L17,0.1),NA())} -> 35.360653 | D112: {=IF(ISNUMBER(_xll.VoseSimPercentile('Стратегии'!L17,0.5)),_xll.VoseSimPercentile('Стратегии'!L17,0.5),NA())} -> 92.329572 | E112: {=IF(ISNUMBER(_xll.VoseSimPercentile('Стратегии'!L17,0.9)),_xll.VoseSimPercentile('Стратегии'!L17,0.9),NA())} -> 232.5417 | F112: {=IF(ISNUMBER(_xll.VoseSimMean('Стратегии'!L17)),_xll.VoseSimMean('Стратегии'!L17),NA())} -> 119.49283 | G112: =ExpandAt -> 120 | H112: =AbandonAt -> 40
B113: ='Стратегии'!M6 -> 7 | C113: {=IF(ISNUMBER(_xll.VoseSimPercentile('Стратегии'!M17,0.1)),_xll.VoseSimPercentile('Стратегии'!M17,0.1),NA())} -> 32.75976 | D113: {=IF(ISNUMBER(_xll.VoseSimPercentile('Стратегии'!M17,0.5)),_xll.VoseSimPercentile('Стратегии'!M17,0.5),NA())} -> 90.06469 | E113: {=IF(ISNUMBER(_xll.VoseSimPercentile('Стратегии'!M17,0.9)),_xll.VoseSimPercentile('Стратегии'!M17,0.9),NA())} -> 244.05543 | F113: {=IF(ISNUMBER(_xll.VoseSimMean('Стратегии'!M17)),_xll.VoseSimMean('Стратегии'!M17),NA())} -> 122.55948 | G113: =ExpandAt -> 120 | H113: =AbandonAt -> 40
B114: ='Стратегии'!N6 -> 8 | C114: {=IF(ISNUMBER(_xll.VoseSimPercentile('Стратегии'!N17,0.1)),_xll.VoseSimPercentile('Стратегии'!N17,0.1),NA())} -> 30.225854 | D114: {=IF(ISNUMBER(_xll.VoseSimPercentile('Стратегии'!N17,0.5)),_xll.VoseSimPercentile('Стратегии'!N17,0.5),NA())} -> 88.790164 | E114: {=IF(ISNUMBER(_xll.VoseSimPercentile('Стратегии'!N17,0.9)),_xll.VoseSimPercentile('Стратегии'!N17,0.9),NA())} -> 257.94705 | F114: {=IF(ISNUMBER(_xll.VoseSimMean('Стратегии'!N17)),_xll.VoseSimMean('Стратегии'!N17),NA())} -> 125.32456 | G114: =ExpandAt -> 120 | H114: =AbandonAt -> 40
B115: ='Стратегии'!O6 -> 9 | C115: {=IF(ISNUMBER(_xll.VoseSimPercentile('Стратегии'!O17,0.1)),_xll.VoseSimPercentile('Стратегии'!O17,0.1),NA())} -> 27.982899 | D115: {=IF(ISNUMBER(_xll.VoseSimPercentile('Стратегии'!O17,0.5)),_xll.VoseSimPercentile('Стратегии'!O17,0.5),NA())} -> 87.270258 | E115: {=IF(ISNUMBER(_xll.VoseSimPercentile('Стратегии'!O17,0.9)),_xll.VoseSimPercentile('Стратегии'!O17,0.9),NA())} -> 274.37706 | F115: {=IF(ISNUMBER(_xll.VoseSimMean('Стратегии'!O17)),_xll.VoseSimMean('Стратегии'!O17),NA())} -> 129.00243 | G115: =ExpandAt -> 120 | H115: =AbandonAt -> 40
B116: ='Стратегии'!P6 -> 10 | C116: {=IF(ISNUMBER(_xll.VoseSimPercentile('Стратегии'!P17,0.1)),_xll.VoseSimPercentile('Стратегии'!P17,0.1),NA())} -> 25.680405 | D116: {=IF(ISNUMBER(_xll.VoseSimPercentile('Стратегии'!P17,0.5)),_xll.VoseSimPercentile('Стратегии'!P17,0.5),NA())} -> 87.561469 | E116: {=IF(ISNUMBER(_xll.VoseSimPercentile('Стратегии'!P17,0.9)),_xll.VoseSimPercentile('Стратегии'!P17,0.9),NA())} -> 291.96153 | F116: {=IF(ISNUMBER(_xll.VoseSimMean('Стратегии'!P17)),_xll.VoseSimMean('Стратегии'!P17),NA())} -> 133.39599 | G116: =ExpandAt -> 120 | H116: =AbandonAt -> 40

Sheet ModelRiskDSN
A1: DSN Files Count: | B1: 0

Sheet ModelRiskSYS1

Sheet ModelRiskCharts
B3: 115
B4: 560
B5: 678
B6: 381
B7: 166
B8: 72
B9: 19
B10: 7
B11: 1
B12: 1
B13: 393
B14: 836
... B152: 379
